 Dungeon Crawl Stone Soup version 0.29.1-2-gbd0b4ee654 (webtiles) character file.

Game seed: 16384440869956179740

705 mortz the Slasher (level 7, -2/61 HPs)
             Began as a Ghoul Monk on Nov 4, 2022.
             Slain by an orc warrior
             ... wielding a +0 war axe
              (4 damage)
             ... on level 6 of the Dungeon.
             The game lasted 00:30:53 (6314 turns).

mortz the Slasher (Ghoul Monk)                      Turns: 6314, Time: 00:30:53

Health: -2/61      AC: 22    Str: 15    XL:     7   Next: 67%
Magic:  6/6        EV:  5    Int:  5    God:
Gold:   143        SH:  0    Dex: 13    Spells: 6/6 levels left

rFire   . . .      SeeInvis +   a - +1 falchion (protect)
rCold   + . .      Faith    .   (no shield)
rNeg    + + +      Spirit   .   m - +0 plate armour
rPois   ∞          Reflect  .   (no helmet)
rElec   .          Harm     .   t - scarf {shadows}
rCorr   .          Rampage  .   k - +1 pair of gloves
Will    .....                   C - +1 pair of boots
Stlth   ..........              (no amulet)
HPRegen 0.00/turn               n - ring of flight
MPRegen 0.10/turn               D - ring of see invisible

@: under a protective aura, flying, inhibited regen
A: claws 1, cold resistance 1, negative energy resistance 3, inhibited
regeneration, torment resistance 2, devour on kill
a: no special abilities


You were on level 6 of the Dungeon.
You visited 2 branches of the dungeon, and saw 7 of its levels.

You collected 209 gold pieces.
You spent 66 gold pieces at shops.

Inventory:

Hand Weapons
 a - a +1 falchion of protection (weapon)
 e - a +0 dagger
 o - a +0 short sword
 p - a +0 falchion
 s - a +0 trident
 u - a +0 hand axe
 E - a +4 short sword
Missiles
 b - 4 javelins
 g - 5 poisoned darts
 A - 5 boomerangs (quivered)
 F - a curare-tipped dart
Armour
 k - a +1 pair of gloves (worn)
 m - a +0 plate armour (worn)
 t - a scarf of shadows (worn)
 C - a +1 pair of boots (worn)
Jewellery
 n - a ring of flight (left hand)
 y - a ring of protection from fire
 D - a ring of see invisible (right hand)
Wands
 i - a wand of flame (13)
Scrolls
 f - 2 scrolls of summoning
 h - 2 scrolls of magic mapping
 j - 2 scrolls of enchant armour
 q - 2 scrolls of butterflies
 w - a scroll of identify
Potions
 c - a potion of ambrosia
 d - a potion of invisibility
 l - 2 potions of attraction
 r - 4 potions of curing
 v - a potion of heal wounds
 x - a potion of flight
 z - a potion of magic
 B - a potion of might


   Skills:
 + Level 5.1 Fighting
 + Level 5.2 Long Blades
 + Level 2.2 Throwing
 + Level 3.6 Armour
 + Level 3.0 Dodging
 + Level 2.4 Stealth


You had 6 spell levels left.
You didn't know any spells.
Your spell library contained the following spells:

 Spells                   Type           Power      Damage    Failure   Level
 Magic Dart               Conj           0%         1d3       100%        1
 Sandblast                Erth           0%         2d4       100%        1
 Sting                    Tmut/Pois      0%         1d3       100%        1
 Blink                    Tloc           0%         N/A       100%        2
 Passwall                 Tmut/Erth      0%         N/A       100%        2
 Poisonous Vapours        Pois/Air       0%         N/A       100%        2
 Searing Ray              Conj           0%         2d4       100%        2
 Conjure Flame            Conj/Fire      0%         6-21      100%        3
 Ignite Poison            Fire/Tmut/Pois 0%         N/A       100%        3
 Portal Projectile        Hex/Tloc       0%         N/A       100%        3
 Stone Arrow              Conj/Erth      0%         3d7       100%        3
 Tukima's Dance           Hex            0%         N/A       100%        3
 Fulminant Prism          Conj/Hex       0%         3d6       100%        4
 Olgreb's Toxic Radiance  Pois           0%         N/A       100%        4
 Passage of Golubria      Tloc           0%         N/A       100%        4
 Sticky Flame             Conj/Fire      0%         2d3       100%        4
 Manifold Assault         Tloc           0%         N/A       100%        5
 Yara's Violent Unravell  Hex/Tmut       0%         3d3       100%        5
 Blade Hands              Tmut           Unusable   N/A       N/A         5
 Storm Form               Tmut/Air       Unusable   N/A       N/A         7

Dungeon Overview and Level Annotations

Branches:
Dungeon (6/15) Zot: 26794  Temple (1/1) D:6 Zot: 5895

Altars:
Cheibriados
Gozag
Hepliaklqana
Kikubaaqudgha
Makhleb
Nemelex Xobeh
Ru
Sif Muna
Trog
Uskayaw
Vehumet
Wu Jian
Xom

Shops:
D:5 [[?**


Innate Abilities, Weirdness & Mutations

You are immune to poison.
You have sharp fingernails.
Your flesh is cold resistant. (rC+)
You are immune to negative energy. (rN+++)
You do not regenerate when monsters are visible.
You are immune to unholy pain and torment.
You thrive by killing the living.


Message History

Your weapon exudes an aura of protection.
The orc warrior hits you with a +0 war axe!
* * * LOW HITPOINT WARNING * * *
The orc wizard casts a spell at you. The puff of flame hits you!
* * * LOW HITPOINT WARNING * * *
You barely miss the orc wizard.
You hit the orc wizard but do no damage.
You barely miss the orc wizard. The orc warrior closely misses you.
The orc wizard barely misses you.
An orc wizard comes into view. It is wielding a +0 dagger.
You completely miss the orc wizard.
The orc wizard shouts!
You hear a shout!
You barely miss the orc wizard.
The orc warrior hits you with a +0 war axe.
* * * LOW HITPOINT WARNING * * *
The orc wizard mumbles some strange words.
The orc wizard flickers and vanishes for a moment.
The orc wizard mumbles some strange words.
The orc wizard flickers and vanishes for a moment.
You hit the orc wizard.
Your weapon exudes an aura of protection.
The orc wizard is heavily wounded.
The orc warrior hits you with a +0 war axe.
* * * LOW HITPOINT WARNING * * *
You completely miss the orc wizard.
The orc wizard is heavily wounded.
The orc warrior barely misses you. The orc wizard barely misses you.
You hit the orc wizard but do no damage.
The orc wizard is heavily wounded.
You barely miss the orc wizard.
The orc wizard is heavily wounded.
You hit the orc wizard.
The orc wizard is severely wounded.
The orc warrior barely misses you.
The orc wizard gestures at you while chanting.
You barely miss the orc wizard.
The orc wizard is severely wounded.
The orc warrior hits you with a +0 war axe.
You die...

.....#.. .....: .....
### #... .... #..
....!#o#################
.....oo@................
.....o##################
.####. #....... #[
#....... #. #....... #.
#....... oo #.......
#####.## #.#


You could see an orc warrior, 2 orc wizards and an orc.

Vanquished Creatures
  Grinder (D:5)
  A kobold brigand (D:5)
  A bullfrog (D:6)
  2 jellies
  A hound (D:5)
  Terence (D:2)
  2 orc wizards
  3 gnolls (D:4)
  6 adders
  A white imp (D:5)
  7 dart slugs
  3 worms
  6 orcs
  6 ball pythons
  8 endoplasms
  3 giant cockroaches
  9 goblins
  8 hobgoblins
  12 jackals
  3 quokkas (D:2)
  2 bats (D:1)
  A frilled lizard (D:2)
  9 kobolds
  4 rats
100 creatures vanquished.

Vanquished Creatures (others)
  7 fungi
  17 plants
  5 toadstools (D:6)
29 creatures vanquished.

Grand Total: 129 creatures vanquished

Notes
Turn   | Place    | Note
-------+----------+-------------------------------------------
     0 | D:1      | mortz the Ghoul Monk began the quest for the Orb.
     0 | D:1      | Reached XP level 1. HP: 19/19 MP: 0/0
   451 | D:1      | Reached XP level 2. HP: 26/26 MP: 1/1
  1691 | D:2      | Reached XP level 3. HP: 28/31 MP: 2/2
  1873 | D:2      | Reached skill level 1 in Armour
  1915 | D:2      | Noticed Terence
  2478 | D:2      | Killed Terence
  2479 | D:2      | Reached XP level 4. HP: 29/40 MP: 3/3
  3179 | D:3      | Reached skill level 1 in Throwing
  3179 | D:3      | Reached XP level 5. HP: 46/46 MP: 4/4
  3920 | D:3      | Found a faded altar of an unknown god.
  4844 | D:4      | Found a shimmering blue altar of Sif Muna.
  5027 | D:4      | Reached XP level 6. HP: 44/52 MP: 5/5
  5142 | D:5      | Entered Level 5 of the Dungeon
  5204 | D:5      | Noticed Grinder
  5292 | D:5      | Found Padif's General Store.
  5310 | D:5      | Found Ugriwapp's Armour Shop.
  5438 | D:5      | Paralysed by Grinder for 5 turns
  5446 | D:5      | Paralysed by Grinder for 5 turns
  5454 | D:5      | Paralysed by Grinder for 3 turns
  5457 | D:5      | Killed Grinder
  5458 | D:5      | Reached XP level 7. HP: 38/60 MP: 6/6
  5671 | D:5      | Found Coteujoilom's Armour Boutique.
  5748 | D:5      | Found Riuph's Magic Scroll Shoppe.
  5752 | D:5      | Bought a scroll of identify for 22 gold pieces
  5752 | D:5      | Bought a scroll of identify for 22 gold pieces
  5752 | D:5      | Bought a scroll of identify for 22 gold pieces
  5788 | D:5      | Found Yrurhoath's Assorted Antiques.
  5817 | D:5      | Reached skill level 5 in Fighting
  5861 | D:5      | Reached skill level 5 in Long Blades
  6134 | D:6      | Found a staircase to the Ecumenical Temple.
  6139 | Temple   | Entered the Ecumenical Temple
  6309 | D:6      | HP: 2/61 [orc warrior/+0 war axe (3)]
  6314 | D:6      | Slain by an orc warrior

Illustrated notes

Levels and vault maps discovered:
D:1:      nicolae_arrival_washed_ashore, layout_basic, kennysheep_another_room,
          nicolae_titane
D:2:      layout_rooms, minmay_misc_feat_four_crosses,
          minmay_randomly_rotated_circles, uniq_terence
D:3:      layout_loops_ring, shapermc_ecumenical_altar_hornbeckon
D:4:      layout_loops_cross, overflow_temple_1_default, serial_forest,
          infiniplex_forest_end_double, infiniplex_forest_lined_2,
          infiniplex_forest_clump_curved, infiniplex_forest_lined_2,
          infiniplex_forest_straight_2, infiniplex_forest_clump_small,
          infiniplex_forest_clump_small, infiniplex_forest_straight_4,
          infiniplex_forest_3_way, minmay_misc_feat_nine_boxes
D:5:      layout_cave_pools, serial_shops, shop, nicolae_take_the_stairs,
          kennysheep_little_box, shop, nicolae_shop_crystal, uniq_grinder
D:6:      layout_basic, mainiacjoe_overflow_boulevard, temple_doors_e,
          hangedman_decor_points, minmay_misc_feat_ornament,
          hangedman_decor_clover_reticule, minmay_gold_behind_fungi,
          minmay_misc_feat_x, kennysheep_dice
Temple:   nicolae_temple_great_sept

Skill      XL: |  1  2  3  4  5  6  7 |
---------------+----------------------+-----
Long Blades    | 3 4 5 |  5.2
Dodging        | 3 |  3.0
Armour         | 1 2 3 |  3.6
Throwing       | 1 2 |  2.2
Fighting       | 4 5 |  5.1
Stealth        | |  2.4

Action                   |  1- 3 |  4- 6 |  7- 9 || total
-------------------------+-------+-------+-------++-------
Melee: Falchion          |   174 |   241 |    71 ||   486
       Punch             |     1 |     4 |     1 ||     6
Throw: Dart              |     7 |    13 |       ||    20
       Javelin           |       |     4 |       ||     4
       Boomerang         |       |     3 |       ||     3
  Use: Scroll            |       |    17 |     4 ||    21
 Stab: Sleeping          |     1 |       |       ||     1
Armor: Plate armour      |   109 |   188 |    63 ||   360
       Robe              |     1 |       |       ||     1
Dodge: Dodged            |    32 |    61 |    20 ||   113
